 Dungeon Crawl Stone Soup version 0.31-a0-361-g0f8bd3a31e (webtiles) character file.

Game seed: 2226044393976408975

107 AIAndy the Fighter (level 4, 0/45 HPs)
             Began as a Gnoll Wanderer on July 27, 2023.
             Succumbed to a goblin's poison
             ... on level 3 of the Dungeon.
             The game lasted 00:07:11 (1309 turns).

AIAndy the Fighter (Gnoll Wanderer)                 Turns: 1309, Time: 00:07:12

Health: 0/45       AC:  5    Str: 24    XL:     4   Next: 86%
Magic:  8/8        EV: 11    Int: 10    God:
Gold:   116        SH:  0    Dex:  8    Spells: 7/9 levels left

rFire   . . .        a - +2 dagger
rCold   . . .        (no shield)
rNeg    . . .        c - +0 ring mail
rPois   .            (helmet currently unavailable)
rElec   .            f - melded +0 cloak
rCorr   .            (gloves currently unavailable)
SInv    .            (boots currently unavailable)
Will    .....        (no amulet)
Stlth   +            S - +6 ring of strength
HPRegen 0.27/turn    (no ring)
MPRegen 0.11/turn

%: no passive effects
@: lethally poisoned (0 -> -15), beast-form, wereblooded, hasted, very quick
A: beast (slay +0), fangs 1, strong nose, distributed training
a: Begin Untransformation


You were on level 3 of the Dungeon.
You were a hulking beast.
You visited 1 branch of the dungeon, and saw 3 of its levels.

You collected 116 gold pieces.


Innate Abilities, Weirdness & Mutations

You are a hulking beast.
Your limbs bulge with bestial killing power. (Slay +0)
You have very sharp teeth.
Your uncanny sense of smell can sniff out nearby items.
Your experience applies equally to all skills.


   Skills:
 + Level 8.6 Fighting
 + Level 1.3 Short Blades
 + Level 1.3 Long Blades
 + Level 1.3 Axes
 + Level 1.3 Maces & Flails
 + Level 1.3 Polearms
 + Level 1.3 Staves
 + Level 1.3 Ranged Weapons
 + Level 4.7 Throwing
 + Level 2.8 Armour
 + Level 1.3 Dodging
 + Level 1.3 Stealth
 + Level 1.3 Shields
 + Level 1.3 Unarmed Combat
 + Level 3.1 Spellcasting
 + Level 1.0 Conjurations
 + Level 1.0 Hexes
 + Level 1.0 Summonings
 + Level 1.0 Necromancy
 + Level 1.0 Translocations
 + Level 3.9 Transmutations
 + Level 1.0 Fire Magic
 + Level 1.0 Ice Magic
 + Level 1.0 Air Magic
 + Level 1.0 Earth Magic
 + Level 1.0 Poison Magic
 + Level 1.4 Invocations
 + Level 1.3 Evocations
 + Level 1.0 Shapeshifting


You had 7 spell levels left.
You knew the following spells:

 Your Spells              Type           Power      Damage    Failure   Level
X - Wereblood             Tmut           9%         N/A       13%         2

Your spell library contained the following spells:

 Spells                   Type           Power      Damage    Failure   Level
 Sting                    Tmut/Pois      24%        1d4       16%         1
 Passwall                 Tmut/Erth      5%         N/A       22%         2
 Poisonous Vapours        Pois/Air       6%         N/A       38%         2
 Olgreb's Toxic Radiance  Pois           3%         N/A       95%         4

Inventory:

Hand Weapons
 a - a +2 dagger (weapon)
 e - a +0 sling
Missiles
 b - 4 curare-tipped darts (quivered) {=f}
Armour
 c - a +0 ring mail (worn)
 f - a +0 cloak (melded)
Jewellery
 S - a +6 ring of strength (left hand)
Talismans
 g - a beast talisman
Scrolls
 h - a scroll of poison {unknown}

Dungeon Overview and Level Annotations

Branches:
Dungeon (3/15)

Altars:

Annotations:
D:2 Sigmund

#### ..# #.#
##<## ###..(#
#...#.#
.#######)#...#
..o.g..h.#####
..##.##..#
.##...##.#
.#S###.#.#
.#..)..#.#
.#.###.#.#
.##.?.##..
..##.##...


You could see an adder (fleeing), an orc (fleeing) and a goblin (fleeing).


Message History

The goblin hits you with a +4 trident of venom.
* * * LOW HITPOINT WARNING * * *
You are more poisoned.
You feel better.
The goblin hits you with a +4 trident of venom!
* * * LOW HITPOINT WARNING * * *
You are poisoned.
You feel yourself speed up.
* * * LOW HITPOINT WARNING * * *
You feel very sick.
The goblin hits you with a +4 trident of venom.
* * * LOW HITPOINT WARNING * * *
You are lethally poisoned!
As you read the scroll of fear, it crumbles to dust.
You assume a fearsome visage.
The adder looks frightened!
The goblin looks frightened!
The orc looks frightened!
* * * LOW HITPOINT WARNING * * *
You feel very sick.
You barely miss the goblin.
* * * LOW HITPOINT WARNING * * *
You feel very sick.
The goblin gives up.
It was a potion of magic.
Magic courses through your body.
* * * LOW HITPOINT WARNING * * *
You feel very sick.
Okay, then.
As you read the scroll labelled EDIPSAA WINIR, it crumbles to dust.
You hear a loud clanging noise!
It was a scroll of noise.
You die...

Skill      XL: |  1  2  3  4 |
---------------+-------------+-----
Short Blades   | 1 |  1.3
Long Blades    | 1 |  1.3
Axes           | 1 |  1.3
Maces & Flails | 1 |  1.3
Polearms       | 1 |  1.3
Staves         | 1 |  1.3
Ranged Weapons | 1 |  1.3
Dodging        | 1 |  1.3
Stealth        | 1 |  1.3
Shields        | 1 |  1.3
Unarmed Combat | 1 |  1.3
Invocations    | 1 |  1.4
Evocations     | 1 |  1.3
Spellcasting   | 3 |  3.1
Conjurations   | 1 |  1.0
Hexes          | 1 |  1.0
Summonings     | 1 |  1.0
Necromancy     | 1 |  1.0
Translocations | 1 |  1.0
Fire Magic     | 1 |  1.0
Ice Magic      | 1 |  1.0
Air Magic      | 1 |  1.0
Earth Magic    | 1 |  1.0
Poison Magic   | 1 |  1.0
Shapeshifting  | 1 |  1.0
Fighting       | |  8.6
Throwing       | |  4.7
Armour         | |  2.8
Transmutations | |  3.9

Action                     |  1- 3 |  4- 6 || total
---------------------------+-------+-------++-------
  Melee: Dagger            |   102 |    28 ||   130
         Unarmed           |    18 |       ||    18
         Bite              |    20 |     5 ||    25
         Punch             |     1 |     2 ||     3
  Throw: Dart              |     2 |       ||     2
   Cast: Wereblood         |     1 |     1 ||     2
    Use: Potion            |     2 |     3 ||     5
         Scroll            |       |     2 ||     2
 Armour: Ring mail         |    60 |     5 ||    65
  Dodge: Dodged            |    96 |    13 ||   109
   Form: Beast             |     1 |       ||     1

Levels and vault maps discovered:
D:1:      dpeg_arrival_simpleton_b, layout_basic, minmay_pentomino_q2
D:2:      layout_rooms, uniq_natasha, uniq_sigmund
D:3:      layout_loops_corners, minmay_checkerbox

Notes
Turn   | Place    | Note
-------+----------+-------------------------------------------
     0 | D:1      | AIAndy the Gnoll Wanderer began the quest for the Orb.
     0 | D:1      | AIAndy set off with the following items: a +2 dagger, 4
                  | curare-tipped darts {=f}, a +0 ring mail, a scroll of fear;
                  | and the following spells available to memorise: Wereblood,
                  | Passwall.
     0 | D:1      | Reached XP level 1. HP: 26/26 MP: 4/4
   145 | D:1      | Reached XP level 2. HP: 23/33 MP: 5/5
   217 | D:1      | Learned a level 2 spell: Wereblood
   686 | D:2      | Noticed Natasha
   708 | D:2      | Killed Natasha
   709 | D:2      | Reached skill level 1 in Short Blades
   709 | D:2      | Reached skill level 1 in Long Blades
   709 | D:2      | Reached skill level 1 in Axes
   709 | D:2      | Reached skill level 1 in Maces & Flails
   709 | D:2      | Reached skill level 1 in Polearms
   709 | D:2      | Reached skill level 1 in Staves
   709 | D:2      | Reached skill level 1 in Ranged Weapons
   709 | D:2      | Reached skill level 1 in Dodging
   709 | D:2      | Reached skill level 1 in Stealth
   709 | D:2      | Reached skill level 1 in Shields
   709 | D:2      | Reached skill level 1 in Unarmed Combat
   709 | D:2      | Reached skill level 1 in Invocations
   709 | D:2      | Reached skill level 1 in Evocations
   709 | D:2      | Reached XP level 3. HP: 5/38 MP: 7/7
   931 | D:2      | Noticed Natasha
   941 | D:2      | Killed Natasha
   942 | D:2      | Reached skill level 3 in Spellcasting
   942 | D:2      | Reached XP level 4. HP: 27/45 MP: 8/8
  1120 | D:2      | Noticed Natasha
  1135 | D:2      | Killed Natasha
  1136 | D:2      | Reached skill level 1 in Conjurations
  1136 | D:2      | Reached skill level 1 in Hexes
  1136 | D:2      | Reached skill level 1 in Summonings
  1136 | D:2      | Reached skill level 1 in Necromancy
  1136 | D:2      | Reached skill level 1 in Translocations
  1136 | D:2      | Reached skill level 1 in Fire Magic
  1136 | D:2      | Reached skill level 1 in Ice Magic
  1136 | D:2      | Reached skill level 1 in Air Magic
  1136 | D:2      | Reached skill level 1 in Earth Magic
  1136 | D:2      | Reached skill level 1 in Poison Magic
  1136 | D:2      | Reached skill level 1 in Shapeshifting
  1256 | D:2      | Noticed Sigmund
  1308 | D:3      | HP: 3/45 [poisoned by a goblin]
  1309 | D:3      | Succumbed to a goblin's poison

Vanquished Creatures
  Natasha (thrice) (D:2)
  2 dart slugs (D:1)
  2 bats (D:1)
  3 endoplasms
  4 giant cockroaches (D:2)
  2 goblins
  4 hobgoblins
  A quokka (D:2)
  4 ball pythons
  3 kobolds
  A rat (D:2)
29 creatures vanquished.

Table legend: (Time is in decaauts)
 A = Elapsed time spent in this place.
 B = Non-inter-level travel time spent in this place.
 C = Inter-level travel time spent in this place.
 D = Time resting spent in this place.
 E = Time spent auto-exploring this place.
 F = Levels seen in this place.
 G = Mean time per level.
                   A        B        C        D        E       F      G
               +--------+--------+--------+--------+--------+-----+--------+
         Total |   1289 |   1223 |     66 |      0 |    863 |   3 |  429.7 |
       Dungeon |   1289 |   1223 |     66 |      0 |    863 |   3 |  429.7 |
               +--------+--------+--------+--------+--------+-----+--------+

Top non-repeatable levels by time:
     D:2: 683 daAuts
     D:1: 568 daAuts
     D:3: 36 daAuts

Table legend:
 A = Non-vault XP
 B = Vault XP
 C = Vault XP percentage of total XP
 D = Non-vault monster count
 E = Vault monster count
 F = Vault count percentage of total count
                 A         B        C        D         E       F
            +---------+---------+-------+---------+---------+-------
      Total |     116 |      38 |  24.7 |      26 |       3 |  10.3
            +---------+---------+-------+---------+---------+-------
        D:1 |      20 |       2 |   9.1 |       9 |       1 |  10.0
        D:2 |      94 |      35 |  27.1 |      16 |       1 |   5.9
        D:3 |       2 |       1 |  33.3 |       1 |       1 |  50.0
            +---------+---------+-------+---------+---------+-------
